AoeStats
← Reis

Arabia

505699179Analyzed
4v4 RM · 23d ago on Sep 10, 2026· 23m 59s· 8 players
Game mode
Random Map
Map size
Large (8 player)
Population
200
Speed
Normal
Resources
Standard
Victory
Conquest
Starting age
Dark Age
Ending age
Imperial Age
RankedLock teamsTeams togetherTeam positionsShared explorationLock speedFull tech treeHidden civsTurbo modeCheats
Victory
Defeat
🇳🇿 Persians · New Zealand
1690
+7
🇭🇰 Franks · Hong Kong SAR China
1502
+14
🇹🇼 Ethiopians · Taiwan
1378
+18
🇬🇧 Maya · United Kingdom
1362
+18
🇨🇭 Bulgarians · Switzerland
1463
-15
🇬🇧 Vietnamese · United Kingdom
1446
-14
🇹🇷 Ethiopians · Türkiye
1444
-14
🇩🇪 Jurchens · Germany
1439
-14
vladtepes
8:31 Feudal Age
10:52 Horse Collar
12:31 Scale Barding Armor
16:01 Horse Collar
16:25 Loom
18:06 Forging
18:28 Bloodlines
22:13 Wheelbarrow
25:00 Castle Age
23:29 Stone Mining
Reis
10:24 Feudal Age
13:52 Loom
16:25 Castle Age
14:53 Double-Bit Axe
Bir durumu var
9:34 Feudal Age
10:10 Loom
10:21 Double-Bit Axe
12:17 Wheelbarrow
15:23 Fletching
24:00 Castle Age
Kerrminator
10:06 Feudal Age
9:41 Loom
10:52 Horse Collar
10:58 Double-Bit Axe
13:35 Fletching
17:05 Padded Archer Armor
21:03 Gold Mining
kenny yip
5:56 Loom
6:08 Loom
9:11 Feudal Age
9:46 Double-Bit Axe
17:40 Wheelbarrow
19:24 Scale Barding Armor
19:29 Forging
24:28 Gold Mining
tomtom>W<
0:30 Loom
9:04 Feudal Age
13:00 Double-Bit Axe
13:53 Fletching
18:58 Padded Archer Armor
HeyByeQ
5:50 Loom
9:09 Feudal Age
13:33 Fletching
16:28 Double-Bit Axe
17:31 Horse Collar
18:25 Padded Archer Armor
20:00 Gold Mining
rarename
5:42 Loom
8:36 Feudal Age
9:23 Double-Bit Axe
9:18 Horse Collar
16:44 Wheelbarrow
16:30 Scale Barding Armor
21:10 Castle Age
20:23 Bloodlines
22:01 Chain Barding Armor
21:52 Bow Saw
Connection lost

Rejoining the realm…

Still unreachable

The connection could not be restored.

Session expired

The server has moved on; the page needs a fresh start.